AoeStats
← Piro

QS Arena

503071069Analyzed
2v2 RM · 3mo ago on Aug 30, 2026· 16m 29s· 4 players
Game mode
Random Map
Map size
Medium (4 player)
Population
200
Speed
Normal
Resources
Standard
Victory
Conquest
Starting age
Dark Age
Ending age
Imperial Age
RankedLock teamsTeams togetherTeam positionsShared explorationLock speedFull tech treeHidden civsTurbo modeCheats
Victory
Defeat
🇧🇷 Persians · Brazil
1040
+15
🇧🇷 Cumans · Brazil
1004
+17
vs
🇮🇳 Japanese · India
1046
-17
🇧🇷 Burmese · Brazil
1000
-45
Piro
10:28 Feudal Age
14:09 Castle Age
12:37 Double-Bit Axe
12:35 Horse Collar
12:48 Gold Mining
14:32 Bloodlines
14:32 Scale Barding Armor
[IRM] Tião Carreiro
5:29 Loom
7:43 Feudal Age
9:09 Double-Bit Axe
9:16 Gold Mining
14:45 Fletching
Kimster213
0:29 Loom
Sixx Rev
11:56 Feudal Age
16:01 Wheelbarrow
Connection lost

Rejoining the realm…

Still unreachable

The connection could not be restored.

Session expired

The server has moved on; the page needs a fresh start.